 Dungeon Crawl Stone Soup version 0.30-a0-634-g8abc85282e (webtiles) character file.

Game seed: 14877097576195340152

106 Armakuni the Insei (level 5, -1/41 HPs)
             Began as a Human Wanderer on Jan 14, 2023.
             Slain by an orc
             ... wielding a +0 club
              (2 damage)
             ... on level 4 of the Dungeon.
             The game lasted 00:05:59 (2459 turns).

Armakuni the Insei (Human Wanderer)                 Turns: 2459, Time: 00:06:00

Health: -1/41      AC:  5    Str: 16    XL:     5   Next: 10%
Magic:  6/6        EV: 11    Int: 17    God:
Gold:   153        SH:  0    Dex: 12    Spells: 5/6 levels left

rFire   . . .      SeeInvis .      - Unarmed
rCold   . . .      Faith    .    (no shield)
rNeg    . . .      Spirit   .    j - +0 leather armour
rPois   .          Reflect  .    d - +0 helmet
rElec   .          Harm     .    u - +0 cloak
rCorr   .          Rampage  .    (no gloves)
Will    .....                    (no boots)
Stlth   +                        M - amulet of magic regeneration
HPRegen 0.26/turn                V - +6 ring of strength
MPRegen 0.50/turn                W - ring of wizardry

@: no status effects
A: no striking features
a: no special abilities


You were on level 4 of the Dungeon.
You visited 1 branch of the dungeon, and saw 4 of its levels.

You collected 153 gold pieces.

Inventory:

Hand Weapons
 b - a +0 mace
Missiles
 i - 2 throwing nets
Armour
 d - a +0 helmet (worn)
 f - a +0 ring mail
 j - a +0 leather armour (worn)
 u - a +0 cloak (worn)
Jewellery
 M - an amulet of magic regeneration (around neck)
 V - a +6 ring of strength (left hand)
 W - a ring of wizardry (right hand)
Wands
 m - a wand of mindburst (11)
Scrolls
 a - 2 scrolls of vulnerability {unknown}
 c - a scroll of fear
 e - 4 scrolls of blinking
 g - a scroll of fog {unknown}
 h - 6 scrolls of identify {unknown}
 l - 3 scrolls of magic mapping {unknown}
 o - 3 scrolls of amnesia {unknown}
 q - a scroll of silence {unknown}
 t - 2 scrolls of teleportation {unknown}
 x - a scroll of enchant weapon {unknown}
 y - a scroll of enchant armour {unknown}
Potions
 k - a potion of curing {unknown}
 n - 2 potions of heal wounds {unknown}
 p - a potion of invisibility {unknown}
 r - a potion of flight {unknown}
 v - 2 potions of degeneration {unknown}
 w - a potion of ambrosia {unknown}


   Skills:
 - Level 3.0 Fighting
 - Level 2.0 Armour
 - Level 2.0 Dodging
 - Level 5.0 Unarmed Combat
 - Level 1.0 Spellcasting
 - Level 1.0 Hexes
 + Level 2.1 Evocations


You had 5 spell levels left.
You knew the following spells:

 Your Spells              Type           Power      Damage    Failure   Level
a - Slow                  Hex            16%        N/A       7%          1

Your spell library contained the following spells:

 Spells                   Type           Power      Damage    Failure   Level
 Apportation              Tloc           0%         N/A       11%         1
 Necrotise                Necr           0%         1d4       11%         1
 Summon Small Mammal      Summ           0%         N/A       11%         1
 Dazzling Flash           Conj/Hex       4%         N/A       26%         3
 Ozocubu's Armour         Ice            0%         N/A       30%         3
 Ozocubu's Refrigeration  Ice            0%         4d7       100%        7


Dungeon Overview and Level Annotations

Branches:
Dungeon (4/15)
 Temple: D:4-7

Altars:
Makhleb
Sif Muna

Shops:
D:3 [


Message History

Aim: an orc, wielding a +0 flail (chance to affect: 54%)
The orc resists with significant effort.
The orc barely misses you. The orc closely misses you.
You hear some strange, mumbled words.
You are confused.
There is a stone staircase leading up here.
The orc barely misses you.
In your confused state, you trip and fall back down the stairs.
The orc hits you with a +0 flail! Something hits you but does no damage.
Unknown command.
The orc misses you. Something hits you.
In your confused state, you trip and fall back down the stairs.
The orc priest invokes the aid of Beogh against you.
Beogh smites you! The orc barely misses you. Something hits you.
Unknown command.
Unknown command.
The orc priest mumbles some strange prayers to Beogh against you.
Beogh smites you!
* * * LOW HITPOINT WARNING * * *
The orc closely misses you. The orc hits you with a +0 flail.
* * * LOW HITPOINT WARNING * * *
Something hits you but does no damage.
In your confused state, you trip and fall back down the stairs.
* * * LOW HITPOINT WARNING * * *
The orc priest closely misses you. The orc hits you with a +0 flail.
* * * LOW HITPOINT WARNING * * *
The orc hits you with a +0 club.
* * * LOW HITPOINT WARNING * * *
Something hits you but does no damage.
Unknown command.
Unknown command.
Unknown command.
Are you sure you want to abandon this character and quit the game? (Confirm with "yes".)
Okay, then.
You miss something.
Unknown command.
You feel less confused. The orc hits you with a +0 club.
You die...

####...........#
..##...........#
######.##...........#
......##...........#
######...##...........#
.........##...........#
#######................#
................>......#
#######.####....@o.....#
##.......#...o{o.....#
...........#####g#.#####
..##......(# #.#.#
#.......#####.#.# #
##.#.#........#.#
#.###.#.#.######.#.#
#.......#.# #.#.#
.....w.##.# #.#


You could see an orc priest, 2 orcs and a goblin.

Vanquished Creatures
  A hound (D:4)
  An adder (D:2)
  2 worms
  A dart slug (D:1)
  6 orcs (D:3)
  6 ball pythons
  2 bats
  5 endoplasms
  A giant cockroach (D:1)
  4 goblins
  4 hobgoblins
  5 jackals
  3 quokkas
  3 frilled lizards
  2 kobolds (D:1)
  4 rats
50 creatures vanquished.

Notes
Turn   | Place    | Note
-------+----------+-------------------------------------------
     0 | D:1      | Armakuni the Human Wanderer began the quest for the Orb.
     0 | D:1      | Armakuni set off with the following items: a +0 dagger, a
                  | +0 helmet, a scroll of fear, a +0 robe, 2 scrolls of
                  | blinking; and the following spell memorised: Slow; and the
                  | following spells available to memorise: Dazzling Flash.
     0 | D:1      | Reached XP level 1. HP: 15/15 MP: 2/2
   210 | D:1      | Reached XP level 2. HP: 21/21 MP: 0/3
   229 | D:1      | Reached skill level 1 in Armour
   787 | D:2      | Reached XP level 3. HP: 27/27 MP: 4/4
  1261 | D:2      | Reached XP level 4. HP: 31/34 MP: 5/5
  1608 | D:3      | Found a shimmering blue altar of Sif Muna.
  1812 | D:3      | Found Yxumomes's Antique Armour Shop.
  1952 | D:3      | Reached skill level 1 in Evocations
  2311 | D:4      | Found a burning altar of Makhleb.
  2334 | D:4      | Reached XP level 5. HP: 38/41 MP: 6/6
  2457 | D:4      | HP: 2/41 [orc/+0 flail (2)]
  2459 | D:4      | Slain by an orc

Illustrated notes

Levels and vault maps discovered:
D:1:      minmay_arrival_statue_studded, layout_basic
D:2:      layout_basic
D:3:      layout_loops_ring, mainiacjoe_overflow_concentric_impassable,
          serial_shops, shop
D:4:      layout_basic, makhleb_heckhound_becter, uniq_natasha

Skill      XL: |  1  2  3  4 |
---------------+-------------+-----
Armour         | 1 2 |  2.0
Fighting       | 2 3 |  3.0
Evocations     | 2 |  2.1
Dodging        | |  2.0
Unarmed Combat | |  5.0
Spellcasting   | |  1.0
Hexes          | |  1.0

Action                   |  1- 3 |  4- 6 || total
-------------------------+-------+-------++-------
Melee: Dagger            |   100 |       ||   100
       Unarmed           |    70 |    92 ||   162
       Punch             |     3 |       ||     3
 Cast: Slow              |    22 |    11 ||    33
 Stab: Sleeping          |     1 |       ||     1
Armor: Robe              |     8 |       ||     8
       Leather armour    |    26 |    21 ||    47
Dodge: Dodged            |   104 |    46 ||   150

Table legend: (Time is in decaauts)
 A = Elapsed time spent in this place.
 B = Non-inter-level travel time spent in this place.
 C = Inter-level travel time spent in this place.
 D = Time resting spent in this place.
 E = Time spent auto-exploring this place.
 F = Levels seen in this place.
 G = Mean time per level.
                   A        B        C        D        E       F      G
               +--------+--------+--------+--------+--------+-----+--------+
         Total |   2441 |   2373 |     68 |    153 |   1471 |   4 |  610.2 |
       Dungeon |   2441 |   2373 |     68 |    153 |   1471 |   4 |  610.2 |
               +--------+--------+--------+--------+--------+-----+--------+

Top non-repeatable levels by time:
     D:2: 803 daAuts
     D:1: 779 daAuts
     D:3: 674 daAuts
     D:4: 184 daAuts
